[Event "Late-Titled-Tuesday-Blitz-February-06-2024"]
[Site "Chess.com"]
[Date "2024.02.06"]
[Round "7"]
[White "HajiyevKanan"]
[Black "TanitoluwaAps116"]
[Result "0-1"]
[WhiteElo "2605"]
[BlackElo "2815"]
[TimeControl "180+1"]
[EndTime "15:15:59 PST"]
[Termination "TanitoluwaAps116 won by resignation"]

1. d4 Nf6 2. Nf3 e6 3. c4 b6 4. Nc3 Bb7 5. Bg5 Bb4 6. Qb3 a5 7. a3 a4 8. Qc2 Bxc3+ 9. Qxc3 d6 10. g3 Nbd7 11. Bg2 h6 12. Bxf6 Nxf6 13. O-O O-O 14.
Qc2 c5 15. Rfd1 Qc7 16. Rac1 Rfd8 17. d5 exd5 18. cxd5 Bxd5 19. Nh4 Bb3 20. Qd2 d5 21. Re1 Re8 22. Nf5 Rad8 23. e3 Qe5 24. Nh4 Ne4 25.
Qe2 Bc4 26. Qc2 Bb3 27. Qe2 Qf6 28. Nf3 g6 29. h4 Kg7 30. Rb1 d4 31. exd4 cxd4 32. Qb5 d3 33. Ng5 Qxf2+ 0-1

[Event "Late-Titled-Tuesday-Blitz-February-06-2024"]
[Site "Chess.com"]
[Date "2024.02.06"]
[Round "7"]
[White "Marcan2b"]
[Black "dretch"]
[Result "0-1"]
[WhiteElo "2982"]
[BlackElo "2845"]
[TimeControl "180+1"]
[EndTime "15:16:03 PST"]
[Termination "dretch won by resignation"]

1. e4 e6 2. d4 d5 3. Nc3 Nf6 4.
Bg5 dxe4 5. Nxe4 Be7 6. Nxf6+ Bxf6 7. Bxf6 Qxf6 8. Nf3 c5 9. Qd3 cxd4 10. Qxd4 Qxd4 11.
Nxd4 Ke7 12. O-O-O Rd8 13. Be2 Nd7 14. Nb5 Nf6 15. Rxd8 Kxd8 16. Rd1+ Ke7 17. Bf3 Ne8 18. Rd3 a6 19. Nd4 Nd6 20. b3 e5 21. Re3 Kf6 22. Ne2 Bf5 23. Ng3 Bg6 24. c4 Rc8 25. Bg4 Rc7 26. Ne2 Kg5 27. Bh3 f6 28. Nc3 b5 29. cxb5 axb5 30. Kb2 b4 31. Ne2 Rc2+ 32.
Kb1 Rxe2+ 0-1

[Event "Late-Titled-Tuesday-Blitz-February-06-2024"]
[Site "Chess.com"]
[Date "2024.02.06"]
[Round "7"]
[White "GadimbayliA"]
[Black "DonkyDonkyDonkey"]
[Result "1-0"]
[WhiteElo "2824"]
[BlackElo "2918"]
[TimeControl "180+1"]
[EndTime "15:16:06 PST"]
[Termination "GadimbayliA won by resignation"]

1. e4 c5 2. Nf3 d6 3. d4 cxd4 4. Nxd4 Nf6 5. Nc3 a6 6. g3 g6 7.
Bg2 Bg7 8. O-O O-O 9. h3 Nc6 10. Nxc6 bxc6 11. Be3 Qc7 12. Qe2 a5 13. Rfe1 Ba6 14.
Qd2 Rab8 15. Rab1 Rfd8 16. b3 e5 17. Rbd1 d5 18. exd5 cxd5 19. Nxd5 Nxd5 20. Bxd5 Qc8 21. Qxa5 Rd7 22. c4 Re7 23. Kh2 e4 24. Bf4 Qf5 25.
Qxa6 Bh6 26. Bxe4 Rxe4 27. Rxe4 Qxe4 28. Bxb8 Qe2 29. Rd8+ Kg7 30. Ba7 Bg5 31. Bd4+ Kh6 32. Qd6 f5 33. Rd7 1-0

[Event "Late-Titled-Tuesday-Blitz-February-06-2024"]
[Site "Chess.com"]
[Date "2024.02.06"]
[Round "7"]
[White "UnTucopalaTimba"]
[Black "Godzillator"]
[Result "0-1"]
[WhiteElo "1967"]
[BlackElo "2392"]
[TimeControl "180+1"]
[EndTime "15:16:06 PST"]
[Termination "Godzillator won by checkmate"]

1. e4 d5 2. exd5 Qxd5 3. Nc3 Qd8 4. d4 c6 5. Nf3 Nf6 6. Bc4 Bf5 7. Ng5 e6 8. O-O Bd6 9. Re1 Nbd7 10. Qf3 O-O 11.
Nge4 Bc7 12. Bg5 h6 13. Nxf6+ Nxf6 14. Be3 Bxc2 15. Rac1 Bg6 16. Red1 Nd5 17. Bxd5 exd5 18. Qg4 Qd6 19. g3 Rae8 20. Bf4 Qd8 21. Bxc7 Qxc7 22.
Nxd5 Qa5 23. Nc3 Bh5 24. Qf4 Bxd1 25. Rxd1 Re6 26. d5 cxd5 27. Rxd5 Qb6 28. Rb5 Qc6 29.
f3 Re1+ 30. Kf2 Rfe8 31. Rf5 Qb6+ 32. Kg2 Rh1 33. Ne4 Qg1+ 34. Kh3 Qxh2+ 35. Kg4 Qh3# 0-1

[Event "Late-Titled-Tuesday-Blitz-February-06-2024"]
[Site "Chess.com"]
[Date "2024.02.06"]
[Round "7"]
[White "Cambek64"]
[Black "varunkrishnanchess"]
[Result "1/2-1/2"]
[WhiteElo "2500"]
[BlackElo "2625"]
[TimeControl "180+1"]
[EndTime "15:16:08 PST"]
[Termination "Game drawn by repetition"]

1. e4 c5 2. Nf3 e6 3. d4 cxd4 4. Nxd4 a6 5. Nc3 Qc7 6. Bd3 Nf6 7. Qe2 d6 8. Bd2 Be7 9. O-O O-O 10. Kh1 b5 11. a3 Bb7 12. f4 Nbd7 13. b4 Rac8 14. Rae1 Qb8 15. Rf3 Rfe8 16. Rh3 Bf8 17. e5 dxe5 18.
fxe5 Nxe5 19. Qxe5 Qa8 20. Qg5 Red8 21. Rf1 Rxd4 22. Rxf6 Bxg2+ 23. Kg1 Bxh3 24. Bxh7+ Kh8 25.
Be4 Rxe4 26. Qh5+ Kg8 27. Qxf7+ Kh8 28. Qh5+ Kg8 29. Qf7+ Kh8 30. Qh5+ Kg8 31. Qf7+ 1/2-1/2

[Event "Late-Titled-Tuesday-Blitz-February-06-2024"]
[Site "Chess.com"]
[Date "2024.02.06"]
[Round "7"]
[White "valeriocarnicelli"]
[Black "inagreV"]
[Result "1-0"]
[WhiteElo "2542"]
[BlackElo "2354"]
[TimeControl "180+1"]
[EndTime "15:16:16 PST"]
[Termination "valeriocarnicelli won by resignation"]

1. e4 c6 2. d4 d5 3. e5 c5 4.
dxc5 e6 5. Qg4 Nd7 6. Bb5 Ne7 7.
Nf3 Nc6 8. O-O h5 9. Qg3 Nxc5 10. c4 dxc4 11. Nc3 Bd7 12. Rd1 Qc7 13. Bg5 Nd3 14. Rxd3 cxd3 15. Ne4 Rc8 16. Rd1 Nxe5 17. Qxe5 Qxe5 18.
Bxd7+ Kxd7 19. Nxe5+ Ke8 20. Nxd3 f6 21. Be3 b6 22.
Nf4 e5 23. Ng6 Rg8 24. Nxf8 Rxf8 25. Nd6+ Ke7 26. Nxc8+ Rxc8 27. Rc1 Rd8 28. Kf1 Rd7 29. Ke2 f5 30. f3 f4 31. Bf2 Kd6 32. Rd1+ Ke6 33.
Rxd7 Kxd7 34. Kd3 Kd6 35. Ke4 Ke6 36. g3 1-0

[Event "Late-Titled-Tuesday-Blitz-February-06-2024"]
[Site "Chess.com"]
[Date "2024.02.06"]
[Round "7"]
[White "temus_galaktionov"]
[Black "jsdbv18"]
[Result "1-0"]
[WhiteElo "2871"]
[BlackElo "2620"]
[TimeControl "180+1"]
[EndTime "15:16:20 PST"]
[Termination "temus_galaktionov won by resignation"]

1. d4 f6 2. Nf3 e6 3. c4 d5 4. Nc3 Ne7 5. e4 c6 6. Bd3 g6 7. e5 fxe5 8. Nxe5 Nd7 9. O-O Nxe5 10. dxe5 Bg7 11. f4 O-O 12. Ne2 b6 13. Be3 c5 14.
cxd5 exd5 15. b4 d4 16. Bd2 Be6 17. bxc5 bxc5 18. Qa4 Kh8 19. Rfc1 Rc8 20. Qxa7 c4 21. Nxd4 Qd5 22. Nxe6 Qxe6 23. Bf1 Nf5 24. Rab1 Rfd8 25. Bc3 Bh6 26. Qf2 Bf8 27. Kh1 Bc5 28. Qf3 Nd4 29. Qe4 Ba7 30. Rb7 Nc6 31. Bxc4 1-0

[Event "Late-Titled-Tuesday-Blitz-February-06-2024"]
[Site "Chess.com"]
[Date "2024.02.06"]
[Round "7"]
[White "igorknyazev"]
[Black "Balla_Tamas"]
[Result "1-0"]
[WhiteElo "2189"]
[BlackElo "2404"]
[TimeControl "180+1"]
[EndTime "15:16:23 PST"]
[Termination "igorknyazev won by checkmate"]

1. e4 c5 2. f4 d5 3. exd5 Qxd5 4.
Nf3 Bg4 5. Be2 Nc6 6. Nc3 Qd8 7.
O-O Nf6 8. Ne5 Bxe2 9. Qxe2 Nd4 10. Qc4 e6 11. Qa4+ Nd7 12. Ne4 b5 13. Qa6 Nxe5 14. fxe5 Be7 15. c3 Qd5 16. cxd4 Qxe4 17. Qxb5+ Kd8 18.
dxc5 Qxe5 19. d4 Qxd4+ 20. Be3 Qxe3+ 21. Kh1 Kc7 22. Rxf7 Rae8 23. Rd1 Qxc5 24. Rd7+ Kc8 25. Qb7# 1-0

[Event "Late-Titled-Tuesday-Blitz-February-06-2024"]
[Site "Chess.com"]
[Date "2024.02.06"]
[Round "7"]
[White "bilelou"]
[Black "masnyszachistaaa"]
[Result "1-0"]
[WhiteElo "2746"]
[BlackElo "2545"]
[TimeControl "180+1"]
[EndTime "15:16:24 PST"]
[Termination "bilelou won on time"]

1. e4 d6 2. d4 Nf6 3. Nc3 e5 4. Nge2 Nbd7 5. h3 exd4 6. Nxd4 Nc5 7. Qf3 Be7 8. Be3 c6 9. O-O-O Qa5 10. g4 Be6 11.
Kb1 O-O-O 12. Nf5 Bxf5 13. Qxf5+ Kb8 14. g5 g6 15. Qf3 Nfd7 16. Qxf7 Rde8 17. Qc4 Ne5 18. Qd4 Nf3 19. Qc4 Bxg5 20. Bxg5 Nxg5 21. Bg2 Qc7 22. f4 Nge6 23. Rhf1 Rhf8 24. f5 gxf5 25.
exf5 Ng5 26. Qf4 Nf7 27. h4 Ne5 28. Qd4 Rd8 29. f6 Qf7 30. Qf4 Qe6 31. Ne4 h6 32.
Nxc5 dxc5 33. Rde1 Rde8 34. Re2 Ka8 35. a3 1-0

[Event "Late-Titled-Tuesday-Blitz-February-06-2024"]
[Site "Chess.com"]
[Date "2024.02.06"]
[Round "7"]
[White "dmitrijiIM"]
[Black "AlexeiShirov"]
[Result "0-1"]
[WhiteElo "2916"]
[BlackElo "2806"]
[TimeControl "180+1"]
[EndTime "15:16:26 PST"]
[Termination "AlexeiShirov won by resignation"]

1. d4 d5 2. c4 c6 3. Nf3 Nf6 4. Nc3 e6 5. Bg5 h6 6. Bxf6 Qxf6 7. e3 g6 8. Be2 Bg7 9. e4 dxe4 10.
Nxe4 Qe7 11. O-O O-O 12. c5 e5 13. Nd6 exd4 14. Bc4 Nd7 15. Re1 Qf6 16. b4 a5 17.
a3 axb4 18. axb4 Rxa1 19. Qxa1 d3 20. Qxf6 Bxf6 21. Re8 Rxe8 22. Bxf7+ Kf8 23. Bxe8 Ne5 24. Nxe5 d2 25. Nxg6+ Kg7 26. g3 d1=Q+ 27. Kg2 Qd5+ 28. Kg1 Bh3 0-1

[Event "Late-Titled-Tuesday-Blitz-February-06-2024"]
[Site "Chess.com"]
[Date "2024.02.06"]
[Round "7"]
[White "ccccvhhhj"]
[Black "grzechu96"]
[Result "0-1"]
[WhiteElo "2475"]
[BlackElo "2747"]
[TimeControl "180+1"]
[EndTime "15:16:28 PST"]
[Termination "grzechu96 won on time"]

1. e4 c5 2. Nf3 d6 3. d4 cxd4 4. Nxd4 a6 5. Nc3 e6 6. Be2 b5 7. O-O Bb7 8. a3 Nd7 9. f4 Ngf6 10. Bf3 Qc7 11. Kh1 Be7 12. Qe1 Rc8 13. Qg3 h5 14. h3 h4 15. Qf2 Nh5 16. Bxh5 Rxh5 17. Be3 Nf6 18. Qf3 Qb8 19. Rae1 Rxc3 20. bxc3 Nxe4 21. Qd1 Ng3+ 22. Kg1 g6 23. Rf2 Qc7 24. Qd3 Be4 25. Qd2 Bd5 26. f5 Ne4 27. Qe2 Nxf2 28. fxg6 fxg6 29. Bxf2 e5 30. Qg4 Rg5 31. Qxh4 Rxg2+ 32. Kf1 Qc4+ 33. Re2 Bxh4 34. Bxh4 Rxe2 0-1

[Event "Late-Titled-Tuesday-Blitz-February-06-2024"]
[Site "Chess.com"]
[Date "2024.02.06"]
[Round "7"]
[White "Hui_Li_Macau"]
[Black "StellarChess"]
[Result "0-1"]
[WhiteElo "2369"]
[BlackElo "2567"]
[TimeControl "180+1"]
[EndTime "15:16:29 PST"]
[Termination "StellarChess won by resignation"]

1. e4 a6 2. d4 c6 3. Nf3 d5 4. Nc3 dxe4 5. Nxe4 Nf6 6. Nxf6+ exf6 7. Bd3 Bd6 8. O-O O-O 9. h3 Re8 10.
c3 Nd7 11. Qc2 Nf8 12. Be3 Be6 13. Rfe1 Qd7 14. Qd2 Ng6 15. Bxg6 hxg6 16. Bf4 Bd5 17. Nh2 Rxe1+ 18. Rxe1 Bxa2 19. Ng4 Be6 20. Bxd6 Qxd6 21. b4 a5 22. bxa5 Rxa5 23. Qb2 b5 24. Ne3 Ra2 25.
Qb1 Qf4 26. Nc2 Qd2 27. Rxe6 Rxc2 28. Re8+ Kh7 29. Qe1 Rc1 0-1

[Event "Late-Titled-Tuesday-Blitz-February-06-2024"]
[Site "Chess.com"]
[Date "2024.02.06"]
[Round "7"]
[White "delqate"]
[Black "shirovin"]
[Result "1-0"]
[WhiteElo "2358"]
[BlackElo "2095"]
[TimeControl "180+1"]
[EndTime "15:16:32 PST"]
[Termination "delqate won on time"]

1. d4 Nf6 2. Bf4 g6 3. Nc3 d5 4. Qd2 Bg7 5. O-O-O O-O 6. h4 h5 7. f3 Nbd7 8. g4 c6 9. Bg5 b5 10. e3 b4 11. Na4 Qa5 12. b3 Nb6 13. a3 Nxa4 14.
axb4 Qb6 15. bxa4 a5 16. b5 Bd7 17. Bxf6 Bxf6 18. gxh5 cxb5 19. hxg6 bxa4 20. Qg2 fxg6 21. Qxg6+ Bg7 22. Qxb6 1-0

[Event "Late-Titled-Tuesday-Blitz-February-06-2024"]
[Site "Chess.com"]
[Date "2024.02.06"]
[Round "7"]
[White "stepanosinovsky"]
[Black "mjelcic"]
[Result "1-0"]
[WhiteElo "2379"]
[BlackElo "2206"]
[TimeControl "180+1"]
[EndTime "15:16:32 PST"]
[Termination "stepanosinovsky won by resignation"]

1. e4 g6 2. d4 Bg7 3. Nc3 d6 4. Be3 Nf6 5. f3 O-O 6. Qd2 c6 7. h4 e5 8. Nge2 Nbd7 9. O-O-O Qc7 10. g4 h5 11. Bh6 Kh7 12. Bxg7 Kxg7 13. Ng3 Rh8 14. g5 Nh7 15. Bc4 Nb6 16. Bb3 Re8 17. f4 Nf8 18. fxe5 dxe5 19. Rhf1 Be6 20. d5 cxd5 21.
exd5 Bg4 22. d6 Nc4 23. dxc7 Nxd2 24. Rxf7+ Kh8 25. Rxd2 Ne6 26. Rdd7 Nf8 27. Nge4 Nxd7 28. Nd6 Nc5 29. Nxe8 Rxe8 30. Nd5 Be6 31. Re7 Rc8 32. Nf6 Nxb3+ 33. axb3 Bg8 34. Kd2 b5 35. b4 a6 36. Ke3 Rf8 37. Rd7 Rc8 38. c3 a5 39.
bxa5 Ra8 40. Rd8 1-0

[Event "Late-Titled-Tuesday-Blitz-February-06-2024"]
[Site "Chess.com"]
[Date "2024.02.06"]
[Round "7"]
[White "GeorgiosSouleidis"]
[Black "OneTrickPony_82"]
[Result "0-1"]
[WhiteElo "2680"]
[BlackElo "2545"]
[TimeControl "180+1"]
[EndTime "15:16:33 PST"]
[Termination "OneTrickPony_82 won by checkmate"]

1. e4 e5 2. Nf3 Nc6 3. Bc4 Nf6 4. d3 Bc5 5. a4 d6 6. O-O h6 7. Be3 Bxe3 8. fxe3 O-O 9. Nbd2 Be6 10. Qe1 Nb4 11. Rc1 a5 12. Qe2 Re8 13. c3 Nc6 14. Bxe6 Rxe6 15.
d4 exd4 16. exd4 Nxe4 17. Nxe4 d5 18. Ne5 dxe4 19. Qxe4 Qe8 20. Qf3 Nxe5 21. dxe5 Rxe5 22. Qxb7 Rb8 23. Qxc7 Rxb2 24. Rcd1 Ree2 25. Qg3 Qe3+ 26.
Qxe3 Rxg2+ 27. Kh1 Rxh2+ 28. Kg1 Rbg2# 0-1

[Event "Late-Titled-Tuesday-Blitz-February-06-2024"]
[Site "Chess.com"]
[Date "2024.02.06"]
[Round "7"]
[White "winniethepooh04"]
[Black "Akhayan"]
[Result "1-0"]
[WhiteElo "2530"]
[BlackElo "2393"]
[TimeControl "180+1"]
[EndTime "15:16:34 PST"]
[Termination "winniethepooh04 won by checkmate"]

1. d4 Nf6 2. Nf3 g6 3. Bf4 Bg7 4. e3 O-O 5. Be2 b6 6. O-O Bb7 7. c4 d6 8. h3 Nbd7 9. Nc3 Re8 10. Rc1 e5 11. Bh2 e4 12. Nd2 Qe7 13. b4 h5 14.
Nb3 Nh7 15. c5 Ndf8 16. cxd6 cxd6 17. Nb5 Qg5 18. Nc7 d5 19. Nxa8 Rxa8 20. Rc7 Bc8 21. Bf4 Qd8 22. Qc2 g5 23. Be5 Bxe5 24. dxe5 g4 25.
hxg4 Bxg4 26. Bxg4 hxg4 27. Rc1 Qh4 28. Rc8 Rxc8 29.
Qxc8 g3 30. Qh3 gxf2+ 31. Kf1 Qg5 32. Nd4 Qxe5 33. Kxf2 Qf6+ 34. Qf5 Qh4+ 35. Kg1 Qh6 36. Qf4 Qh5 37. Rf1 a6 38. Nf5 Ne6 39. Ne7+ Kf8 40.
Qd6 Ke8 41. Nxd5 Qg5 42. Rf6 Nxf6 43. Qe7# 1-0

[Event "Late-Titled-Tuesday-Blitz-February-06-2024"]
[Site "Chess.com"]
[Date "2024.02.06"]
[Round "7"]
[White "ritanovikova"]
[Black "ljuks68"]
[Result "1-0"]
[WhiteElo "2239"]
[BlackElo "2414"]
[TimeControl "180+1"]
[EndTime "15:16:36 PST"]
[Termination "ritanovikova won by checkmate"]

1. e4 e6 2. d4 d5 3. Nd2 Nf6 4. e5 Nfd7 5. c3 c5 6. f4 Nc6 7. Ngf3 Qb6 8. Nb3 a5 9. a4 cxd4 10.
Nbxd4 Nc5 11. Bb5 Ne4 12. O-O Bd7 13. Kh1 Bc5 14. Be3 O-O 15. Qd3 Qa7 16. Nc2 Bxe3 17. Nxe3 f6 18. exf6 Rxf6 19. Nd4 Raf8 20. g3 g5 21. Ng4 Rg6 22. fxg5 Rxf1+ 23. Rxf1 Rxg5 24. Nh6+ Kg7 25. Nf7 Rg6 26. Bxc6 bxc6 27. Ne5 Rf6 28. Rxf6 Nxf6 29. Qe3 Kh8 30. Qg5 Ng8 31. Nf7# 1-0

[Event "Late-Titled-Tuesday-Blitz-February-06-2024"]
[Site "Chess.com"]
[Date "2024.02.06"]
[Round "7"]
[White "Veleamater"]
[Black "xakevicius91"]
[Result "0-1"]
[WhiteElo "2328"]
[BlackElo "2576"]
[TimeControl "180+1"]
[EndTime "15:16:36 PST"]
[Termination "xakevicius91 won by resignation"]

1. g3 d5 2. Bg2 Nf6 3. d3 c6 4.
Nf3 Bg4 5. O-O Nbd7 6. h3 Bxf3 7.
Bxf3 e5 8. Bg2 Bd6 9. Nc3 Qe7 10. e4 d4 11. Ne2 c5 12. f4 h5 13. Bd2 Rg8 14. a4 O-O-O 15. a5 Kb8 16. a6 b6 17. c3 h4 18. g4 exf4 19. Bxf4 Ne5 20. cxd4 cxd4 21.
Kh1 Bc5 22. Nc1 Ka8 23. g5 Nfd7 24. Qa4 f6 25. g6 Qe6 26. Nb3 Rc8 27. Bxe5 Nxe5 28.
Rf5 Rgd8 29. Raf1 Qc6 30. Nxc5 Qxc5 31. Rh5 Qc2 32. Qb5 Rc5 33. Qb4 Qxd3 34. Rh7 Rc7 35. Rxh4 Qxa6 36. Rd1 Qc4 37. Qd2 Qc2 38. Qe1 d3 39. Rh7 d2 40. Qf1 Qd3 41. Qg1 Qd4 42.
Qf1 Qc4 43. Qg1 Qc1 44. Rxg7 Qxd1 45. Qxd1 Rc1 46. Bf3 Nxf3 47. Kg2 0-1

[Event "Late-Titled-Tuesday-Blitz-February-06-2024"]
[Site "Chess.com"]
[Date "2024.02.06"]
[Round "7"]
[White "MikaelyanArman"]
[Black "GHANDEEVAM2003"]
[Result "0-1"]
[WhiteElo "2858"]
[BlackElo "3041"]
[TimeControl "180+1"]
[EndTime "15:16:38 PST"]
[Termination "GHANDEEVAM2003 won by resignation"]

1. d4 Nf6 2. c4 e6 3. Nf3 b6 4.
g3 Ba6 5. b3 d5 6. cxd5 exd5 7.
Bg2 Bb4+ 8. Bd2 Bd6 9. O-O O-O 10. Nc3 Re8 11. Ne5 Bb7 12. Bf4 Nbd7 13. Nd3 Ne4 14. Rc1 Ndf6 15. Bxd6 Nxd6 16. Ne5 c6 17. e3 Rc8 18. h4 g6 19. Qf3 h5 20. Bh3 Rc7 21. Qf4 Kg7 22. Rc2 c5 23. Rfc1 c4 24. b4 Nfe4 25. a4 Nxc3 26. Rxc3 f6 27. Nd3 g5 28. Qf3 Ne4 29. R3c2 g4 30. Bxg4 hxg4 31.
Qxg4+ Kh8 32. Nf4 Rg8 33. Qf5 Qd7 34. Qh5+ Qh7 35. Qf3 Qxh4 36. Kf1 Qh2 37. Ke1 Rh7 38. Ne2 Qh1+ 0-1

[Event "Late-Titled-Tuesday-Blitz-February-06-2024"]
[Site "Chess.com"]
[Date "2024.02.06"]
[Round "7"]
[White "ansko1999"]
[Black "Pawngobblerx2000"]
[Result "1-0"]
[WhiteElo "2685"]
[BlackElo "2511"]
[TimeControl "180+1"]
[EndTime "15:16:39 PST"]
[Termination "ansko1999 won by resignation"]

1. Nf3 d5 2. e3 Nf6 3. b3 c5 4. Bb2 Nc6 5. Bb5 Bd7 6. O-O e6 7. c4 Bd6 8. cxd5 exd5 9. d4 cxd4 10. Nxd4 O-O 11. Nf3 a6 12. Be2 Be6 13. Nbd2 Qe7 14. Rc1 Rfd8 15. Nd4 Bd7 16. N2f3 Rac8 17. Bd3 Bg4 18.
Nxc6 bxc6 19. h3 Bxf3 20. Qxf3 a5 21. Rc2 Be5 22. Bxe5 Qxe5 23. Rfc1 Qd6 24. Bf5 Rc7 25. h4 g6 26. Bd3 h5 27. g3 Ra8 28. Bb5 Rac8 29. Ba6 Ra8 30. Bb5 Rac8 31. Qf4 Qe6 32. Ba6 Ne4 33. Bxc8 Rxc8 34. Kg2 Nd6 35. Rxc6 1-0

[Event "Late-Titled-Tuesday-Blitz-February-06-2024"]
[Site "Chess.com"]
[Date "2024.02.06"]
[Round "7"]
[White "Ticondriul"]
[Black "JonasGallasch"]
[Result "1-0"]
[WhiteElo "2737"]
[BlackElo "2420"]
[TimeControl "180+1"]
[EndTime "15:16:41 PST"]
[Termination "Ticondriul won by resignation"]

1. d4 Nf6 2. Nf3 g6 3. e3 Bg7 4.
Be2 O-O 5. O-O d5 6. c4 dxc4 7. Bxc4 b6 8. Nc3 Bb7 9. Qe2 Nbd7 10. e4 e6 11. Bf4 Nh5 12. Bg5 Bf6 13. Be3 e5 14.
Nd5 Bxd5 15. Bxd5 Rc8 16. dxe5 Nxe5 17. Nxe5 Bxe5 18. f4 Bg7 19. Rad1 Qe7 20. Qf3 Nf6 21. Bb7 Rcd8 22. e5 Nd7 23. Rc1 c5 24. Rfd1 Nb8 25. Bd5 Kh8 26. Qe4 Na6 27. a3 Nc7 28. Ba2 Ne6 29. b4 Rxd1+ 30. Rxd1 Rd8 31. Rd5 cxb4 32. axb4 Rc8 33. Rd6 Qc7 34. h4 Qc2 35. Qxc2 Rxc2 36. Bxe6 1-0

[Event "Late-Titled-Tuesday-Blitz-February-06-2024"]
[Site "Chess.com"]
[Date "2024.02.06"]
[Round "7"]
[White "Hamisandwich"]
[Black "guillembaches"]
[Result "0-1"]
[WhiteElo "2723"]
[BlackElo "2560"]
[TimeControl "180+1"]
[EndTime "15:16:42 PST"]
[Termination "guillembaches won by checkmate"]

1. d4 d5 2. c4 e6 3. Nf3 a6 4. g3 dxc4 5. a4 Nf6 6. Bg2 Nc6 7. O-O Na5 8. Nbd2 Be7 9. Qc2 O-O 10. Nxc4 c5 11.
dxc5 Bxc5 12. Rd1 Bd7 13. Nfe5 Rc8 14. e3 Nxc4 15. Qxc4 Bxe3 16. Qb3 Rxc1 17. Raxc1 Bxc1 18. Rxc1 b5 19. Nxd7 Qxd7 20. Bc6 Qd4 21. axb5 axb5 22. Qxb5 h5 23. b4 Ng4 24. Qc5 Qd2 25. Bf3 Nxf2 26. Qc3 Nh3+ 27. Kf1 Qf2# 0-1

[Event "Late-Titled-Tuesday-Blitz-February-06-2024"]
[Site "Chess.com"]
[Date "2024.02.06"]
[Round "7"]
[White "Practical-Play"]
[Black "semchik73"]
[Result "0-1"]
[WhiteElo "2568"]
[BlackElo "2427"]
[TimeControl "180+1"]
[EndTime "15:16:42 PST"]
[Termination "semchik73 won by resignation"]

1. e4 Nf6 2. e5 Nd5 3. c4 Nb6 4. d4 d6 5. f4 dxe5 6. fxe5 Nc6 7. Be3 Bf5 8. Nc3 e6 9. Nf3 Bg4 10. Be2 Bxf3 11. gxf3 Qh4+ 12. Bf2 Qf4 13. Qc1 Qf5 14. Rg1 O-O-O 15. Rg5 Qh3 16. Qf4 h6 17. Rg4 Qh5 18.
O-O-O g5 19. Qf6 Be7 20. Ne4 Bxf6 21. Nxf6 Qxh2 22. Rf1 h5 23. Re4 g4 24. fxg4 hxg4 25. Nxg4 Qg2 26. Nf6 Nxd4 27. Bxd4 Rxd4 28. Rxd4 Qxe2 29.
Rfd1 Nxc4 0-1

[Event "Late-Titled-Tuesday-Blitz-February-06-2024"]
[Site "Chess.com"]
[Date "2024.02.06"]
[Round "7"]
[White "iwanyu"]
[Black "Bilan_Danila"]
[Result "1-0"]
[WhiteElo "2830"]
[BlackElo "2608"]
[TimeControl "180+1"]
[EndTime "15:16:46 PST"]
[Termination "iwanyu won by resignation"]

1. d4 d5 2. c4 c6 3. Nf3 Nf6 4. cxd5 cxd5 5. Nc3 Nc6 6. Bf4 Bf5 7. e3 e6 8. Qb3 Qb6 9. Qxb6 axb6 10. Bb5 Nd7 11. Ne5 Ndxe5 12. Bxe5 f6 13. Bc7 Kd7 14. Bxb6 Bd6 15. Ke2 Rhc8 16. Bc5 Bxc5 17. dxc5 Ke7 18. Rhc1 Na7 19. b4 Nc6 20. a3 Ne5 21. Na4 Rc7 22. Nb6 Rd8 23. Rd1 Nc6 24. f3 g5 25. h3 h5 26.
Bxc6 Rxc6 27. a4 g4 28. a5 gxh3 29. gxh3 Bxh3 30. a6 bxa6 31. Rxa6 Rc7 32. Rh1 Bf5 33. Rxh5 Rg8 34. Rxf5 exf5 35. Nxd5+ Kd7 36. Nxf6+ 1-0

[Event "Late-Titled-Tuesday-Blitz-February-06-2024"]
[Site "Chess.com"]
[Date "2024.02.06"]
[Round "7"]
[White "DraningWaterHi"]
[Black "yaguigor"]
[Result "1-0"]
[WhiteElo "2239"]
[BlackElo "2703"]
[TimeControl "180+1"]
[EndTime "15:16:47 PST"]
[Termination "DraningWaterHi won by checkmate"]

1. d4 d5 2. Bf4 Nf6 3. e3 c5 4. c3 Nc6 5. Nd2 Qb6 6. Qb3 c4 7. Qc2 Nh5 8. Bg5 h6 9. Bh4 g5 10. Bg3 Nxg3 11. hxg3 e5 12. dxe5 Nxe5 13. Ngf3 Ng4 14.
Be2 Bg7 15. a4 f5 16. Nd4 O-O 17. Bxg4 fxg4 18. O-O h5 19. f3 Qd6 20. f4 h4 21.
gxh4 gxh4 22. Kf2 g3+ 23. Ke2 h3 24. gxh3 Bxh3 25. Rg1 g2 26. Rae1 Rae8 27. Kd1 a6 28.
Kc1 b5 29. N2f3 Qh6 30. Ng5 Rf6 31. Nxh3 Qxh3 32. Rxg2 Re7 33. Rg5 Rxe3 34. Reg1 Re7 35. Nf5 Rxf5 36. Qxf5 Qe3+ 37. Kb1 b4 38. Qc8+ Kf7 39. Rxg7+ Kf6 40. R1g6# 1-0

[Event "Late-Titled-Tuesday-Blitz-February-06-2024"]
[Site "Chess.com"]
[Date "2024.02.06"]
[Round "7"]
[White "KorolDimitriy75"]
[Black "nindjaxx8"]
[Result "0-1"]
[WhiteElo "2387"]
[BlackElo "2571"]
[TimeControl "180+1"]
[EndTime "15:16:48 PST"]
[Termination "nindjaxx8 won on time"]

1. d4 d5 2. c4 e6 3. Nc3 Nf6 4. Bg5 Be7 5. cxd5 exd5 6. e3 O-O 7. Bd3 h6 8. Bh4 c6 9. Qc2 Be6 10. Nge2 Nbd7 11. f3 Rc8 12. O-O c5 13. Rad1 cxd4 14. Nxd4 Qb6 15. Rfe1 Bc5 16. Bf2 Ne5 17. Bf5 Nc4 18.
Na4 Qd6 19. Nxc5 Rxc5 20. Qb1 Rcc8 21. a3 Rfe8 22. Bg3 Qb6 23. b4 Nxa3 24. Qb3 Nc4 25. Nxe6 fxe6 26. Bb1 a5 27. Qd3 Qxb4 28. Bh4 Qe7 29.
Bxf6 Qxf6 30. Qh7+ Kf7 31. e4 Qg5 32. exd5 exd5 33.
h4 Qf6 34. h5 Rxe1+ 35. Rxe1 Qd4+ 36. Kh1 Qh4+ 37. Kg1 Qxe1+ 38. Kh2 Qh4+ 39. Kg1 Qg5 40. Bg6+ Kf6 41. Bd3 Ne3 42. g4 a4 0-1

[Event "Late-Titled-Tuesday-Blitz-February-06-2024"]
[Site "Chess.com"]
[Date "2024.02.06"]
[Round "7"]
[White "jinbojinbo"]
[Black "WPWPWP-2015"]
[Result "1-0"]
[WhiteElo "2624"]
[BlackElo "2484"]
[TimeControl "180+1"]
[EndTime "15:16:51 PST"]
[Termination "jinbojinbo won by checkmate"]

1. Nf3 Nf6 2. g3 d5 3. Bg2 Bg4 4. d3 Nbd7 5. O-O e6 6. Nbd2 Bc5 7. h3 Bxf3 8. Bxf3 O-O 9. e4 dxe4 10. dxe4 c6 11. Qe2 e5 12. c3 a5 13. a4 Re8 14.
Nc4 Qc7 15. Kh2 Nf8 16. Bg5 N6d7 17. Rad1 Ne6 18. Bc1 Nf6 19. h4 h6 20. Bg2 Rad8 21.
Bh3 Rxd1 22. Rxd1 b5 23. axb5 cxb5 24. Ne3 Qa7 25. Nd5 Nxd5 26. exd5 Nf8 27. Qxb5 Rb8 28. Qe2 Bxf2 29. d6 Rd8 30. Qxe5 Ng6 31. Qe2 Bc5 32. d7 Qc7 33. Qe8+ Kh7 34. h5 Ne5 35. Bf4 Bd6 36. Bxe5 Bxe5 37. Bf5+ g6 38. hxg6+ fxg6 39. Qxg6+ Kh8 40.
Qh7# 1-0

[Event "Late-Titled-Tuesday-Blitz-February-06-2024"]
[Site "Chess.com"]
[Date "2024.02.06"]
[Round "7"]
[White "PNEPaul"]
[Black "rcmz"]
[Result "1/2-1/2"]
[WhiteElo "1876"]
[BlackElo "2135"]
[TimeControl "180+1"]
[EndTime "15:16:51 PST"]
[Termination "Game drawn by repetition"]

1. e4 a6 2. d4 b5 3. Bd3 Bb7 4. c3 e6 5. Nf3 c5 6. O-O c4 7. Bc2 Qc7 8. a4 d6 9. axb5 axb5 10. Rxa8 Bxa8 11. Bf4 Nd7 12. d5 e5 13. Bg5 h6 14. Bh4 g5 15. Bg3 Ngf6 16. Re1 Be7 17.
Qd2 Nh5 18. Na3 Qc5 19. Bd1 Nf4 20. Nc2 Bb7 21. Ne3 Nf8 22. Nf5 N8g6 23. Ng7+ Kf8 24. Nf5 Bc8 25. Nxe7 Kxe7 26. Be2 Bd7 27. Ra1 Rb8 28.
Bf1 f6 29. Qc1 h5 30. h3 g4 31. hxg4 hxg4 32. Nh4 Rh8 33. Nxg6+ Nxg6 34. Ra5 Qb6 35.
Qa1 Rb8 36. Ra6 Qc7 37. Qa3 Rb6 38. Ra7 Rb7 39. Ra6 Rb6 40. Ra7 Rb7 41. Ra6 Rb6 1/2-1/2